 Dungeon Crawl Stone Soup version 0.31-a0-496-g6f97920a28 (webtiles) character file.

Game seed: 6342849570755960315

30044 Turgor the Jinx (level 13, -11/76 HPs)
             Began as a Vampire Enchanter on Aug 1, 2023.
             Was the Champion of Cheibriados.
             Mangled by a minotaur (15 damage)
             ... in a Gauntlet on Aug 8, 2023.
             The game lasted 01:49:36 (13399 turns).

Turgor the Jinx (Vampire Enchanter)                Turns: 13399, Time: 01:49:37

Health: -11/76     AC:  7    Str: 22    XL:     13   Next: 18%
Magic:  29/31      EV: 17    Int: 36    God:    Cheibriados [******]
Gold:   827        SH:  9    Dex: 31    Spells: 0/24 levels left

rFire   + + .        r - +4 dagger (venom)
rCold   + + .        L - +2 buckler
rNeg    + + +        h - +2 leather armour {rF+}
rPois   ∞            I - +0 helmet
rElec   .            u - +0 cloak
rCorr   .            (no gloves)
SInv    +            (no boots)
Will    +....        d - amulet of magic regeneration
Stlth   ++++++       e - ring of magical power
HPRegen 0.00/turn    F - ring of protection from fire
MPRegen 0.62/turn

%: no teleportation
@: confusing by touch, bloodless, inhibited regen, invisible, very slow
A: bloodless, fangs 3, see invisible, vampiric 2
a: Bat Form, Revivify, Renounce Religion, Bend Time, Temporal Distortion,
Slouch, Step From Time


You were in a Gauntlet.
You worshipped Cheibriados.
Cheibriados was exalted by your worship.
You visited 3 branches of the dungeon, and saw 17 of its levels.
You also visited: Sewer and Gauntlet.

You collected 1032 gold pieces.
You spent 205 gold pieces at shops.

Inventory:

Hand Weapons
 r - a +4 dagger of venom (weapon)
 t - the +3 great mace of the Scroll {protect, *Slow rElec Stlth+}
   (You took it off an orc on level 11 of the Dungeon)

   rElec:     It insulates you from electricity.
   *Slow:     It may slow you when you take damage.
   Stlth:     It makes you more stealthy.
 M - a +3 dagger of distortion
 T - a +0 arbalest of freezing
Missiles
 G - 21 poisoned darts (quivered)
 K - 2 throwing nets
 P - 4 curare-tipped darts
Armour
 h - a +2 leather armour of fire resistance (worn)
 u - a +0 cloak (worn)
 I - a +0 helmet (worn)
 L - a +2 buckler (worn)
 U - a scarf of resistance
Magical Staves
 q - a staff of cold
Jewellery
 d - an amulet of magic regeneration (around neck)
 e - a ring of magical power (left hand)
 j - a ring of flight
 l - a ring of protection from cold
 B - a ring of fire
 F - a ring of protection from fire (right hand)
 H - an amulet of regeneration
Wands
 a - a wand of quicksilver (21)
 i - a wand of digging (4)
 m - a wand of iceblast (13)
 n - a wand of polymorph (8)
 v - a wand of flame (18)
 Q - a wand of mindburst (10)
Scrolls
 b - 2 scrolls of poison
 f - 3 scrolls of fear
 p - a scroll of blinking
 s - 2 scrolls of fog
 y - 4 scrolls of immolation
 A - 5 scrolls of teleportation
 C - 3 scrolls of brand weapon
 D - a scroll of enchant weapon
 N - a scroll of enchant armour
 R - a scroll of summoning {unknown}
Potions
 c - 2 potions of invisibility
 g - a potion of curing
 k - 4 potions of attraction
 o - 2 potions of ambrosia
 w - 4 potions of lignification
 x - a potion of cancellation
 z - 3 potions of brilliance
 E - a potion of might
 J - a potion of mutation
 O - a potion of enlightenment


   Skills:
 + Level 7.3 Fighting
 - Level 8.4 Short Blades
 + Level 5.4 Dodging
 - Level 7.0 Stealth
 - Level 5.0 Shields
 - Level 6.0 Spellcasting
 + Level 5.3 Conjurations
 - Level 12.0 Hexes
 * Level 7.3 Ice Magic
 * Level 7.7 Air Magic
 + Level 4.1 Poison Magic
 + Level 6.2 Invocations


You couldn't memorise any spells.
You knew the following spells:

 Your Spells              Type           Power      Damage    Failure   Level
a - Ensorcelled Hibernat  Hex/Ice        100%       N/A       1%          2
b - Confusing Touch       Hex            77%        N/A       1%          3
c - Dazzling Flash        Conj/Hex       100%       N/A       1%          3
d - Tukima's Dance        Hex            77%        N/A       1%          3
e - Mephitic Cloud        Conj/Pois/Air  51%        N/A       1%          3
f - Freezing Cloud        Conj/Ice/Air   28%        6-21      9%          5
g - Ignite Poison         Fire/Tmut/Pois 20%        N/A       9%          3
h - Poisonous Vapours     Pois/Air       100%       N/A       1%          2

Your spell library contained the following spells:

 Spells                   Type           Power      Damage    Failure   Level
 Cigotuvi's Dreadful Rot  Necr/Pois/Air  78%        N/A       1%          2
 Hailstorm                Conj/Ice       54%        3d12      1%          3
 Summon Guardian Golem    Hex/Summ       52%        N/A       1%          3
 Summon Small Mammal      Summ           40%        N/A       4%          1
 Summon Lightning Spire   Summ/Air       38%        N/A       10%         4
 Summon Ice Beast         Ice/Summ       37%        N/A       11%         4
 Call Canine Familiar     Summ           10%        N/A       14%         3
 Volatile Blastmotes      Fire/Tloc      20%        2d11      14%         3
 Animate Armour           Summ/Erth      20%        N/A       43%         4
 Lee's Rapid Deconstruct  Erth           5%         3d6*      80%         5
 Simulacrum               Ice/Necr       18%        N/A       86%         6
 Starburst                Conj/Fire      15%        6d6       94%         6
 Maxwell's Capacitive Co  Air            30%        ∞         100%        8


Dungeon Overview and Level Annotations

Branches:
Dungeon (12/15)            Temple (1/1) D:5            Lair (4/5) D:10
 Shoals (0/4) Lair:2        Slime (0/5) Lair:4          Orc (0/2) D:9
  Sewer (visited)         Gauntlet (1/1)
  Snake: Lair:2-3    Spider: Lair:2-3

Altars:
Ashenzari
Cheibriados
Dithmenos
Fedhas
Gozag
Hepliaklqana
Kikubaaqudgha
Makhleb
Nemelex Xobeh
Okawaru
Qazlal
Ru
Sif Muna
Trog
Uskayaw
Vehumet
Wu Jian
Xom
Yredelemnul

Shops:
D:5 *   D:8 *   D:9 ([

Annotations:
D:11 exclusion: orange crystal statue
D:12 1 runed translucent door, Naggiasi's ghost, journeyman KoBr
Lair:1 3 runed translucent doors, kaychamo's ghost, novice OpSh Gauntlet 6 transporters, exclusion: oklob plant


Innate Abilities, Weirdness & Mutations

You do not regenerate when monsters are visible.
You are frail without blood (-20% HP).
You can heal yourself when you bite living creatures.
You are immune to poison.
You have razor-sharp teeth.
You have supernaturally acute eyesight. (SInv)
You are afflicted with vampirism and can become a bat while bloodless.


Message History

You bite the minotaur, but do no damage.
The minotaur is moderately wounded.
You hit the minotaur but do no damage.
The minotaur is moderately wounded.
You block the minotaur's attack. The minotaur gores you.
* * * LOW HITPOINT WARNING * * *
You hit the minotaur but do no damage.
The minotaur is moderately wounded.
You catch the helpless minotaur completely off-guard!
You hit the minotaur but do no damage.
The minotaur is moderately wounded.
You block the minotaur's attack. x2
You catch the helpless minotaur completely off-guard!
You hit the minotaur but do no damage. You bite the minotaur.
The minotaur is moderately wounded.
The minotaur hits you!
* * * LOW HITPOINT WARNING * * *
The minotaur gores you but does no damage.
You feel much better. You block the minotaur's attack. x2
Press: ? - help, v - describe, . - travel
Here: a minotaur, wearing a +0 plate armour, wearing the ring of Youthful Indiscretion {rC- rCorr Str+4} and quivering silver javelins (moderately wounded, unable to see you, chance to confuse on hit: 18%)
The floor.
Unknown command.
You strike the helpless minotaur from behind!
You hit the minotaur but do no damage.
The minotaur is moderately wounded.
You hit the minotaur but do no damage.
The minotaur is moderately wounded.
The minotaur hits you! The minotaur closely misses you.
You hit the minotaur but do no damage. Your bite misses the minotaur.
The minotaur is moderately wounded.
You block the minotaur's attack. The minotaur barely misses you.
You barely miss the minotaur. Your bite misses the minotaur.
The minotaur is moderately wounded.
You hit the minotaur but do no damage.
The minotaur is moderately wounded.
The minotaur hits you!!
* * * LOW HITPOINT WARNING * * *
The minotaur gores you!
You die...

8.8.8.©.©.8.8.8.
................
###.###.###.####
###.###.###.##
#.............#
#.###.###.###.#
#.............#
#######'######
#@# #H.∩.#
+⌠...# #...⌠+
#.⌠..# ##+###


You could see a minotaur (unable to see you).

Vanquished Creatures
  A boulder beetle (D:11)
  A two-headed ogre (D:8)
  Amaemon (Lair:1)
  2 ugly things
  A manticore (D:11)
  4 elephants (Lair:4)
  An orange demon (Lair:1)
  2 black mambas
  Joseph (D:7)
  A torpor snail (Lair:2)
  6 cane toads
  An unseen horror (D:10)
  A rime drake (Lair:2)
  4 komodo dragons
  2 trolls
  A hornet (D:10)
  A wolf spider simulacrum (Gauntlet)
  16 blink frogs
  Prince Ribbit (D:7)
  5 slime creatures (D:10)
  2 centaur simulacra (Gauntlet)
  4 shadows (Gauntlet)
  3 wraiths
  2 basilisks (Lair:1)
  31 yaks
  4 steam dragons
  8 wyverns
  Grum (D:9)
  3 vampire mosquitoes (D:11)
  A harpy simulacrum (Gauntlet)
  An acid dragon (Gauntlet)
  Pargi (Sewer)
  A meliai simulacrum (Gauntlet)
  6 water moccasins
  8 orc warriors
  An ice beast (D:5)
  3 black bears
  2 sky beasts
  A tengu (D:8)
  2 ogres
  10 centaurs
  8 wolves
  A phantom (D:4)
  Blork the orc (D:5)
  3 kobold brigands
  A gnoll sergeant (D:7)
  18 bullfrogs
  2 scorpions (D:5)
  3 wights (D:7)
  10 killer bees
  5 howler monkeys
  A hound (D:5)
  A jelly (D:5)
  14 orc priests
  2 gnoll boudas
  2 sleepcaps (D:6)
  Ijyb (D:4)
  9 orc wizards
  5 iguanas
  2 hell rats (Lair:4)
  4 gnolls (D:7)
  10 adders
  3 river rats
  A shadow imp (D:7)
  A white imp (D:7)
  An ufetubus (D:6)
  2 worms
  4 dart slugs
  23 orcs
  6 ball pythons
  5 bats
  10 endoplasms
  5 giant cockroaches
  8 goblins
  4 hobgoblins
  15 kobolds
  5 quokkas
  2 training dummies (D:5)
  5 frilled lizards
  7 rats
358 creatures vanquished.

Vanquished Creatures (collateral kills)
  Psyche (D:8)
  A wolf (Lair:1)
  A frilled lizard (D:8)
3 creatures vanquished.

Vanquished Creatures (others)
  A centaur simulacrum (D:11)
  A wolf (Lair:1)
2 creatures vanquished.

Grand Total: 363 creatures vanquished

Notes
Turn   | Place    | Note
-------+----------+-------------------------------------------
     0 | D:1      | Turgor the Vampire Enchanter began the quest for the Orb.
     0 | D:1      | Reached XP level 1. HP: 13/13 MP: 3/3
    11 | D:1      | Upgraded the game from 0.31-a0-435-g2c6fae2916 to
                  | 0.31-a0-441-g867994ef1c
   240 | D:1      | Reached XP level 2. HP: 15/15 MP: 5/5
   244 | D:1      | Reached skill level 5 in Stealth
   890 | D:1      | Learned a level 2 spell: Ensorcelled Hibernation
   921 | D:2      | Gained mutation: You are afflicted with vampirism and can
                  | become a bat while bloodless. [Vampire growth]
   921 | D:2      | Reached XP level 3. HP: 16/19 MP: 6/6
   963 | D:2      | Learned a level 3 spell: Confusing Touch
  1311 | D:2      | Found a faded altar of an unknown god.
  1595 | D:2      | Reached XP level 4. HP: 24/24 MP: 7/7
  2347 | D:4      | Noticed a bullfrog
  2651 | D:4      | Noticed a phantom
  2664 | D:4      | Killed a phantom
  2665 | D:4      | Reached XP level 5. HP: 23/28 MP: 8/8
  2690 | D:4      | Reached skill level 5 in Short Blades
  2892 | D:4      | Noticed Ijyb
  2899 | D:4      | Killed Ijyb
  2900 | D:4      | Reached XP level 6. HP: 32/32 MP: 9/9
  3130 | D:4      | Found a runed translucent door.
  3131 | D:4      | Noticed Crazy Yiuf
  3135 | D:4      | Crazy Yiuf changed into Crazy Yiuf the river rat
  3135 | D:4      | Noticed Crazy Yiuf
  3141 | D:4      | Killed Crazy Yiuf the river rat
  3303 | D:5      | Entered Level 5 of the Dungeon
  3303 | D:5      | Found Ajyf's Assorted Antiques.
  3306 | D:5      | Bought 2 green potions for 55 gold pieces
  3306 | D:5      | Found a staircase to the Ecumenical Temple.
  3319 | Temple   | Entered the Ecumenical Temple
  3333 | Temple   | Became a worshipper of Cheibriados the Contemplative
  3373 | D:5      | Noticed an ice beast
  3528 | D:5      | Noticed a water moccasin
  3547 | D:5      | Killed an ice beast
  3548 | D:5      | Reached skill level 5 in Hexes
  3606 | D:5      | Reached skill level 1 in Fighting
  3640 | D:5      | Killed a water moccasin
  3641 | D:5      | Reached XP level 7. HP: 38/38 MP: 10/10
  3667 | D:5      | Reached skill level 6 in Hexes
  3849 | D:5      | Noticed Blork the orc
  3854 | D:5      | Killed Blork the orc
  3860 | D:5      | Learned a level 3 spell: Dazzling Flash
  3864 | D:5      | Learned a level 3 spell: Tukima's Dance
  3887 | D:5      | Reached skill level 7 in Hexes
  3973 | D:5      | Reached * piety under Cheibriados
  4039 | D:5      | Reached XP level 8. HP: 45/45 MP: 12/12
  4161 | D:5      | You fall into a shaft and drop 3 floors!
  4166 | D:7      | Reached skill level 8 in Hexes
  4281 | D:6      | Reached skill level 9 in Hexes
  4327 | D:6      | Reached ** piety under Cheibriados
  4329 | D:6      | Found a glowing drain.
  4337 | Sewer    | Entered a sewer
  4407 | Sewer    | Noticed Pargi
  4409 | Sewer    | Killed Pargi
  5019 | D:6      | Reached skill level 10 in Hexes
  5019 | D:6      | Reached XP level 9. HP: 52/52 MP: 15/15
  5224 | D:6      | Learned a level 3 spell: Mephitic Cloud
  5749 | D:7      | Noticed Prince Ribbit
  5757 | D:7      | Killed Prince Ribbit
  5935 | D:7      | Reached skill level 1 in Air Magic
  5938 | D:7      | Reached skill level 1 in Poison Magic
  5944 | D:7      | Reached skill level 1 in Conjurations
  6027 | D:7      | Upgraded the game from 0.31-a0-441-g867994ef1c to
                  | 0.31-a0-455-g1a7b003ef0
  6049 | D:7      | Reached *** piety under Cheibriados
  6078 | D:7      | Reached skill level 11 in Hexes
  6261 | D:7      | Noticed Joseph
  6275 | D:7      | Killed Joseph
  6276 | D:7      | Reached skill level 5 in Spellcasting
  6811 | D:8      | Found Xyosmum's General Store.
  6811 | D:8      | Noticed Psyche
  6818 | D:8      | Killed Psyche
  6819 | D:8      | Reached XP level 10. HP: 58/58 MP: 17/17
  6825 | D:8      | Bought a scroll of enchant armour for 90 gold pieces
  6825 | D:8      | Bought a potion of enlightenment for 60 gold pieces
  6871 | D:8      | Reached **** piety under Cheibriados
  6872 | D:8      | Reached skill level 1 in Shields
  6919 | D:8      | Noticed Maggie
  6920 | D:8      | Upgraded the game from 0.31-a0-455-g1a7b003ef0 to
                  | 0.31-a0-485-gaadceae713
  7080 | D:8      | Maggie changed into Maggie the tengu
  7080 | D:8      | Noticed Maggie
  7083 | D:8      | Killed Maggie the tengu
  7422 | D:8      | Noticed a two-headed ogre
  7427 | D:8      | Killed a two-headed ogre
  7428 | D:8      | Reached skill level 5 in Fighting
  7428 | D:8      | Reached skill level 12 in Hexes
  7548 | D:8      | Reached skill level 1 in Invocations
  7785 | D:9      | Noticed Grum
  7793 | D:9      | Killed Grum
  7969 | D:9      | Found Enekhlott's Weapon Emporium.
  8001 | D:9      | Found a staircase to the Orcish Mines.
  8003 | D:9      | Found Fuadafac's Armour Emporium.
  8026 | D:9      | Reached ***** piety under Cheibriados
  8131 | D:9      | Learned a level 5 spell: Freezing Cloud
  8281 | D:9      | Reached XP level 11. HP: 64/64 MP: 18/18
  8571 | D:10     | Entered Level 10 of the Dungeon
  8640 | D:10     | Found a shadowy altar of Dithmenos.
  8885 | D:10     | Found a staircase to the Lair.
  9004 | D:10     | HP: 3/64 [large slime creature (26)]
  9597 | D:10     | Upgraded the game from 0.31-a0-485-gaadceae713 to
                  | 0.31-a0-496-g6f97920a28
  9627 | Lair:1   | Entered Level 1 of the Lair of Beasts
  9631 | Lair:1   | Noticed Amaemon
  9637 | D:10     | Reached skill level 1 in Ice Magic
  9639 | D:10     | Reached skill level 5 in Shields
  9789 | D:11     | Noticed a boulder beetle
  9800 | D:11     | Killed a boulder beetle
  9801 | D:11     | Reached skill level 5 in Air Magic
  9868 | D:11     | Noticed a brown ugly thing
  9874 | D:11     | Killed a brown ugly thing
  9950 | D:11     | Noticed an orange crystal statue
  9950 | D:11     | Identified the +3 great mace of the Scroll {protect, *Slow
                  | rElec Stlth+}
 10580 | D:12     | Noticed a purple ugly thing
 10585 | D:12     | Killed a purple ugly thing
 10588 | D:12     | Found a runed translucent door.
 10589 | D:12     | Found a shimmering altar of Xom.
 10589 | D:12     | Noticed Naggiasi's ghost (journeyman KoBr)
 10590 | D:12     | Noticed a +6 lajatang of chaos
 10695 | D:10     | Reached skill level 5 in Invocations
 10712 | D:10     | Reached XP level 12. HP: 36/70 MP: 20/20
 11058 | Lair:1   | Killed Amaemon
 11069 | Lair:1   | Reached skill level 5 in Ice Magic
 11142 | Lair:1   | Reached ****** piety under Cheibriados
 11334 | Lair:1   | Found a runed translucent gate.
 11339 | Lair:1   | Found a runed translucent gate.
 11339 | Lair:1   | Noticed kaychamo's ghost (novice OpSh)
 11340 | Lair:1   | Found a runed translucent gate.
 11347 | Lair:1   | Noticed a ten-headed hydra
 12397 | Lair:2   | Reached skill level 5 in Conjurations
 12544 | Lair:2   | Found a staircase to the Shoals.
 12606 | Lair:2   | You fall into a shaft and drop 2 floors!
 12721 | Lair:4   | Reached skill level 5 in Dodging
 12748 | Lair:4   | Reached XP level 13. HP: 76/76 MP: 22/22
 12781 | Lair:4   | Found a staircase to the Slime Pits.
 12995 | Lair:3   | Found a gate leading to a gauntlet.
 13023 | Lair:3   | Learned a level 3 spell: Ignite Poison
 13026 | Lair:3   | Learned a level 2 spell: Poisonous Vapours
 13037 | Gauntlet | Entered a Gauntlet
 13037 | Gauntlet | Found a transporter.
 13037 | Gauntlet | Found a transporter.
 13037 | Gauntlet | Found a runed translucent gate.
 13046 | Gauntlet | Found a transporter.
 13049 | Gauntlet | Found a transporter.
 13060 | Gauntlet | Found a transporter.
 13063 | Gauntlet | Found a transporter.
 13073 | Gauntlet | Found a transporter.
 13089 | Gauntlet | Found a transporter.
 13103 | Gauntlet | Found a transporter.
 13107 | Gauntlet | Found a transporter.
 13118 | Gauntlet | Found a transporter.
 13122 | Gauntlet | Found a transporter.
 13124 | Gauntlet | Found a runed translucent gate.
 13124 | Gauntlet | Found a runed translucent gate.
 13375 | Gauntlet | Identified the ring of Youthful Indiscretion {rC- rCorr
                  | Str+4}
 13375 | Gauntlet | Noticed a minotaur
 13399 | Gauntlet | Mangled by a minotaur

Illustrated notes

Levels and vault maps discovered:
D:1:      doesnt_arrival_eight_statues, layout_basic
D:2:      layout_loops_cross, basic_ecumenical_altar
D:3:      layout_loops_ring
D:4:      layout_loops_ring, dk_noncrumbling_4,
          amcnicky_mini_rare_corridor_liquid, st_stairs_12, uniq_ijyb,
          uniq_crazy_yiuf_cottage
D:5:      dreamdust_elfheim, layout_gridville, minmay_temple_entry_mini_moons,
          serial_shops, shop, uniq_blork_the_orc
D:6:      layout_loops_corners, portal_sewer_entry_e, grunt_tough_drop
D:7:      layout_loops_corners, dreamdust_gnoll_shepherd, uniq_prince_ribbit1,
          uniq_joseph
D:8:      layout_basic, serial_shops, shop_statue, uniq_maggie, uniq_psyche
D:9:      layout_loops_corners, orc_david_3, uniq_grum
D:10:     minmay_four_partial_circles, layout_rooms, amcnicky_altar_gilded,
          lair_entry_dummy, grunt_ogre_cave
D:11:     minmay_klotski, layout_irregular_city, serial_shops, statue_bzr,
          grunt_ministairs_2, lemuel_flame_loot_1
D:12:     layout_loops_corners, ebering_ghost_xom, uniq_nessos
Temple:   regret_index_temple_sigil_plot
Lair:1:   layout_small_grid, gammafunk_ghost_hydra_chop,
          nicolae_volcano_entry_hallway, beast_lair_carwin_8, uniq_amaemon
Lair:2:   layout_layer_cave, minmay_shoals_entry_centaurs, serial_bayou_lake_a
Lair:3:   layout_regular_city, spider_nest_entry_funnel_web,
          gauntlet_entry_generic
Lair:4:   layout_roguey, slime_entry_1
Gauntlet: minmay_gauntlet_77_indecision [minmay_gauntlet_arena_77_checkered,
          minmay_gauntlet_arena_77_run_for_it,
          minmay_gauntlet_arena_77_tiled_triplets,
          minmay_gauntlet_arena_77_radiant_squares,
          minmay_gauntlet_arena_77_two_paths,
          minmay_gauntlet_arena_77_double_cross, gauntlet_exit_hidden_loot]

Skill      XL: |  1  2  3  4  5  6  7  8  9 10 11 12 |
---------------+-------------------------------------+-----
Stealth        | 5 6 7 |  7.0
Short Blades   | 2 3 4 5 6 7 8 |  8.4
Hexes          | 5 7 10 11 12 | 12.0
Fighting       | 1 2 3 4 5 6 7 |  7.3
Spellcasting   | 3 4 5 6 |  6.0
Air Magic      | 2 3 5 7 |  7.7
Poison Magic   | 2 3 4 |  4.1
Conjurations   | 1 3 4 5 |  5.3
Shields        | 4 5 |  5.0
Invocations    | 3 5 6 |  6.2
Ice Magic      | 4 7 |  7.3
Dodging        | 5 |  5.4

Action                     |  1- 3 |  4- 6 |  7- 9 | 10-12 | 13-15 || total
---------------------------+-------+-------+-------+-------+-------++-------
  Melee: Dagger            |    93 |    78 |   154 |   327 |    56 ||   708
         Bite              |     9 |     6 |    10 |    41 |    11 ||    77
         Punch             |     1 |     2 |     1 |       |       ||     4
  Throw: Dart              |       |       |       |    32 |     4 ||    36
   Cast: Ensorcelled Hiber |     2 |    17 |    51 |   130 |    18 ||   218
         Confusing Touch   |       |     5 |     9 |    19 |     8 ||    41
         Tukima's Dance    |       |       |     6 |     1 |       ||     7
         Mephitic Cloud    |       |       |     4 |    24 |     4 ||    32
         Dazzling Flash    |       |       |       |     1 |       ||     1
         Ignite Poison     |       |       |       |       |     2 ||     2
 Invoke: Slouch            |       |       |       |     1 |       ||     1
Ability: Exsanguinate      |     1 |       |       |       |       ||     1
  Evoke: Wand              |       |     7 |     2 |    13 |     1 ||    23
    Use: Scroll            |       |     8 |     1 |    15 |       ||    24
         Potion            |       |     2 |     1 |     7 |     2 ||    12
   Stab: Sleeping          |    14 |    24 |    54 |   120 |    15 ||   227
         Distracted        |     1 |       |     1 |       |       ||     2
         Confused          |       |     2 |     9 |    38 |     5 ||    54
         Invisible         |       |       |       |       |     7 ||     7
 Armour: Robe              |    19 |     6 |       |       |       ||    25
         Leather armour    |       |     1 |    29 |    33 |     6 ||    69
  Dodge: Dodged            |    44 |    19 |    59 |   126 |    25 ||   273
  Block: Buckler           |       |       |       |   107 |    20 ||   127

Table legend: (Time is in decaauts)
 A = Elapsed time spent in this place.
 B = Non-inter-level travel time spent in this place.
 C = Inter-level travel time spent in this place.
 D = Time resting spent in this place.
 E = Time spent auto-exploring this place.
 F = Levels seen in this place.
 G = Mean time per level.
                   A        B        C        D        E       F      G
               +--------+--------+--------+--------+--------+-----+--------+
         Total |  18389 |  17322 |   1067 |   1105 |  11657 |  19 |  967.8 |
       Dungeon |  14181 |  13171 |   1010 |    963 |   9188 |  12 | 1181.8 |
        Temple |     32 |      3 |     29 |      0 |      0 |   1 |   32.0 |
          Lair |   3488 |   3460 |     28 |     15 |   2468 |   4 |  872.0 |
         Sewer |    193 |    193 |      0 |      0 |      0 |   1 |  193.0 |
      Gauntlet |    492 |    492 |      0 |    127 |      0 |   1 |  492.0 |
               +--------+--------+--------+--------+--------+-----+--------+

Top non-repeatable levels by time:
     D:7: 1837 daAuts
    D:10: 1791 daAuts
    D:11: 1781 daAuts
  Lair:1: 1589 daAuts
     D:6: 1528 daAuts
     D:9: 1503 daAuts
     D:8: 1298 daAuts
  Lair:2: 1219 daAuts
     D:4: 1128 daAuts
     D:1: 981 daAuts
     D:5: 888 daAuts
     D:3: 741 daAuts
     D:2: 640 daAuts
Gauntlet: 492 daAuts
  Lair:4: 393 daAuts
